TOP OF THE 1ST |
Jasper Cougars batting - Pitching for Eau Claire Esquires : LHP Rob Lucas
|
Pitching: LHP Rob Lucas
|
|
Batting: RHB Greg King
|
0-0: Ball 1-0: Called Strike 1-1: Foul Ball, location: 2F 1-2: Fly out, F7 (Flyball, 7M)
|
Batting: RHB Dan Hooper
|
0-0: Swinging Strike 0-1: Foul Ball, location: 2F 0-2: Ball 1-2: Ball 2-2: Ball 3-2: Fly out, F3 (Popup, 4)
|
Batting: SHB Ron Edwards
|
0-0: Called Strike 0-1: Ball 1-1: Foul Ball, location: 2F 1-2: SINGLE (Flyball, 8LS)
|
Batting: RHB Manuel Pérez
|
0-0: Ball 1-0: Fielders Choice at 2nd, U6 (Groundball, 6M)
|
Top of the 1st over - 0 run(s), 1 hit(s), 0 error(s), 1 left on base; Jasper 0 - Eau Claire 0 |
BOTTOM OF THE 1ST |
Eau Claire Esquires batting - Pitching for Jasper Cougars : RHP Dae-ho Kim
|
Pitching: RHP Dae-ho Kim
|
|
Batting: RHB Eric Fuller
|
0-0: Called Strike 0-1: Called Strike 0-2: Strikes out swinging
|
Batting: LHB Edwin Ryan
|
0-0: Foul Ball, location: 2F 0-1: Foul Ball, location: 2F 0-2: Ball 1-2: Foul Ball, location: 2F 1-2: Ground out U3 (Groundball, 3S)
|
Batting: RHB Roberto García
|
0-0: Swinging Strike 0-1: Ball 1-1: SINGLE (Line Drive, 89S)
|
Batting: LHB Michael Cook
|
0-0: Fly out, F7 (Flyball, 78S)
|
Bottom of the 1st over - 0 run(s), 1 hit(s), 0 error(s), 1 left on base; Jasper 0 - Eau Claire 0 |
TOP OF THE 2ND |
Jasper Cougars batting - Pitching for Eau Claire Esquires : LHP Rob Lucas
|
Batting: SHB Martín Cruz
|
0-0: Swinging Strike 0-1: Ball 1-1: Ball 2-1: Ball 3-1: Foul Ball, location: 2F 3-2: Strikes out swinging
|
Batting: LHB Pepe Vázquez
|
0-0: Ball 1-0: Called Strike 1-1: Ball 2-1: Foul Ball, location: 2F 2-2: Foul Ball, location: 2F 2-2: Ball 3-2: Base on Balls
|
Batting: LHB Jon Scott
|
0-0: Called Strike 0-1: Called Strike 0-2: Strikes out swinging
|
Batting: RHB José Ortega
|
0-0: Called Strike 0-1: Ball 1-1: Swinging Strike 1-2: Ball 2-2: Foul Ball, location: 2F 2-2: Strikes out swinging
|
Top of the 2nd over - 0 run(s), 0 hit(s), 0 error(s), 1 left on base; Jasper 0 - Eau Claire 0 |
BOTTOM OF THE 2ND |
Eau Claire Esquires batting - Pitching for Jasper Cougars : RHP Dae-ho Kim
|
Batting: RHB Norm Francis
|
0-0: Called Strike 0-1: Ball 1-1: Swinging Strike 1-2: Strikes out swinging
|
Batting: RHB Dave Parker
|
0-0: Ball 1-0: Foul Ball, location: 2F 1-1: Foul Ball, location: 2F 1-2: Strikes out swinging
|
Batting: RHB José Ruíz
|
0-0: Called Strike 0-1: Swinging Strike 0-2: SINGLE (Groundball, 56S)
|
Batting: RHB Ronald Parsons
|
0-0: Ball 1-0: Fly out, F8 (Flyball, 8RXD)
|
Bottom of the 2nd over - 0 run(s), 1 hit(s), 0 error(s), 1 left on base; Jasper 0 - Eau Claire 0 |
TOP OF THE 3RD |
Jasper Cougars batting - Pitching for Eau Claire Esquires : LHP Rob Lucas
|
Batting: RHB Joe Baker
|
0-0: Called Strike 0-1: Called Strike 0-2: Foul Ball, location: 2F 0-2: Ball 1-2: DOUBLE (Line Drive, 7LM)
|
Batting: RHB Greg King
|
0-0: Ball 1-0: Foul Ball, location: 2F 1-1: Ball 2-1: Swinging Strike 2-2: Strikes out swinging
|
Batting: RHB Dan Hooper
|
0-0: Called Strike 0-1: SINGLE (Line Drive, 9S) Joe Baker to third Runner from 3rd tries for Home, SAFE, no throw or cutoff
|
Batting: SHB Ron Edwards
|
0-0: Ball 1-0: Fly out, F4 (Popup, 34D)
|
Batting: RHB Manuel Pérez
|
0-0: Called Strike Dan Hooper is caught stealing 2nd base
|
Top of the 3rd over - 1 run(s), 2 hit(s), 0 error(s), 0 left on base; Jasper 1 - Eau Claire 0 |
BOTTOM OF THE 3RD |
Eau Claire Esquires batting - Pitching for Jasper Cougars : RHP Dae-ho Kim
|
Batting: LHB Jorge Fernández
|
0-0: Called Strike 0-1: Ball 1-1: Hit by Pitch
|
Batting: RHB Eric Fuller
|
0-0: Ball 1-0: Ball 2-0: Ball 3-0: Called Strike 3-1: Foul Ball, location: 2F 3-2: Foul Ball, location: 2F 3-2: Ground out 6-3 (Groundball, 6) Jorge Fernández to second
|
Batting: LHB Edwin Ryan
|
0-0: Called Strike 0-1: Foul Ball, location: 2F 0-2: Foul Ball, location: 2F 0-2: Strikes out swinging
|
Batting: RHB Roberto García
|
0-0: Called Strike 0-1: Swinging Strike 0-2: Ball 1-2: Foul Ball, location: 2F 1-2: Ball 2-2: Ball 3-2: Foul Ball, location: 2F 3-2: SINGLE (Line Drive, 9S) Jorge Fernández to third Jorge Fernández scores
|
Batting: LHB Michael Cook
|
0-0: Ground out 1-3 (Groundball, 15S)
|
Bottom of the 3rd over - 1 run(s), 1 hit(s), 0 error(s), 1 left on base; Jasper 1 - Eau Claire 1 |
TOP OF THE 4TH |
Jasper Cougars batting - Pitching for Eau Claire Esquires : LHP Rob Lucas
|
Batting: RHB Manuel Pérez
|
0-0: Called Strike 0-1: Ball 1-1: Foul Ball, location: 2F 1-2: TRIPLE (Groundball, 5L)
|
Batting: SHB Martín Cruz
|
0-0: Called Strike 0-1: Called Strike 0-2: Ball 1-2: Strikes out swinging
|
Batting: LHB Pepe Vázquez
|
0-0: Ground out 3-1 (Groundball, 34) Manuel Pérez scores
|
Batting: LHB Jon Scott
|
0-0: Ball 1-0: Ball 2-0: SINGLE (Popup, 6MD)
|
Batting: RHB José Ortega
|
0-0: Ball 1-0: Ball 2-0: Ball 3-0: Called Strike 3-1: Foul Ball, location: 2F 3-2: Foul Ball, location: 2F 3-2: Foul Ball, location: 2F 3-2: Strikes out swinging
|
Top of the 4th over - 1 run(s), 2 hit(s), 0 error(s), 1 left on base; Jasper 2 - Eau Claire 1 |
BOTTOM OF THE 4TH |
Eau Claire Esquires batting - Pitching for Jasper Cougars : RHP Dae-ho Kim
|
Batting: RHB Norm Francis
|
0-0: SINGLE (Line Drive, 56D)
|
Batting: RHB Dave Parker
|
0-0: Called Strike 0-1: Foul Ball, location: 2F 0-2: Ball 1-2: Ball 2-2: Fly out, F8 (Line Drive, 8RD)
|
Batting: RHB José Ruíz
|
0-0: Fly out, F5 (Line Drive, 5)
|
Batting: RHB Ronald Parsons
|
0-0: Called Strike 0-1: Swinging Strike 0-2: Ball Throwing error on steal attempt, E2 Norm Francis to third 1-2: Ball 2-2: SINGLE (Line Drive, 89S) Norm Francis scores
|
Batting: LHB Jorge Fernández
|
0-0: Fly out, F8 (Flyball, 8RS)
|
Bottom of the 4th over - 1 run(s), 2 hit(s), 1 error(s), 1 left on base; Jasper 2 - Eau Claire 2 |
TOP OF THE 5TH |
Jasper Cougars batting - Pitching for Eau Claire Esquires : LHP Rob Lucas
|
Batting: RHB Joe Baker
|
0-0: Ball 1-0: Called Strike 1-1: Foul Ball, location: 2F 1-2: Ball 2-2: Foul Ball, location: 2F 2-2: Strikes out swinging
|
Batting: RHB Greg King
|
0-0: Ball 1-0: Ball 2-0: Called Strike 2-1: Ball 3-1: Base on Balls
|
Batting: RHB Dan Hooper
|
0-0: Foul Ball, location: 2F 0-1: Ball 1-1: Ball 2-1: Ground out 5-3 (Groundball, 5S) Greg King to second
|
Pitching: RHP Albert Fisher
|
|
Batting: SHB Ron Edwards
|
0-0: Ball 1-0: Ball 2-0: Fly out, F7 (Line Drive, 7D)
|
Top of the 5th over - 0 run(s), 0 hit(s), 0 error(s), 1 left on base; Jasper 2 - Eau Claire 2 |
BOTTOM OF THE 5TH |
Eau Claire Esquires batting - Pitching for Jasper Cougars : RHP Dae-ho Kim
|
Batting: RHB Eric Fuller
|
0-0: Ball 1-0: Ground out U3 (Groundball, 3S)
|
Batting: LHB Edwin Ryan
|
0-0: Ball 1-0: Swinging Strike 1-1: Called Strike 1-2: Ground out 4-3 (Groundball, 13)
|
Batting: RHB Roberto García
|
0-0: Ball 1-0: Foul Ball, location: 2F 1-1: Called Strike 1-2: Reached on error, E6 (Groundball, 6)
|
Batting: LHB Michael Cook
|
0-0: Ball 1-0: Ball 2-0: Ball 3-0: Base on Balls Roberto García to second
|
Batting: RHB Norm Francis
|
0-0: Foul Ball, location: 2F 0-1: Called Strike 0-2: SINGLE (Line Drive, 78S) Roberto García to third Michael Cook to second Runner from 3rd tries for Home, SAFE, no throw or cutoff
|
Batting: RHB Dave Parker
|
0-0: Called Strike 0-1: Ball 1-1: Called Strike 1-2: Strikes out swinging
|
Bottom of the 5th over - 1 run(s), 1 hit(s), 1 error(s), 2 left on base; Jasper 2 - Eau Claire 3 |
TOP OF THE 6TH |
Jasper Cougars batting - Pitching for Eau Claire Esquires : RHP Albert Fisher
|
Batting: RHB Manuel Pérez
|
0-0: Fly out, F7 (Flyball, 7M)
|
Batting: SHB Martín Cruz
|
0-0: Called Strike 0-1: Ball 1-1: SINGLE (Line Drive, 34)
|
Batting: LHB Pepe Vázquez
|
0-0: Called Strike 0-1: Foul Ball, location: 2F 0-2: Ball 1-2: Foul Ball, location: 2F 1-2: Ball 2-2: Ball 3-2: Fly out, F9 (Flyball, 9LDF)
|
Batting: LHB Jon Scott
|
0-0: Foul Ball, location: 2F 0-1: Called Strike 0-2: Strikes out looking
|
Top of the 6th over - 0 run(s), 1 hit(s), 0 error(s), 1 left on base; Jasper 2 - Eau Claire 3 |
BOTTOM OF THE 6TH |
Eau Claire Esquires batting - Pitching for Jasper Cougars : RHP Dae-ho Kim
|
Batting: RHB José Ruíz
|
0-0: Ball 1-0: Called Strike 1-1: SINGLE (Groundball, 23) (infield hit)
|
Pitching: LHP Javier Galeas
|
|
Batting: RHB Ronald Parsons
|
0-0: Ball 1-0: Called Strike 1-1: Ball José Ruíz is caught stealing 2nd base 2-1: Ball 3-1: Foul Ball, location: 2F 3-2: Strikes out swinging
|
Batting: LHB Jorge Fernández
|
0-0: Ball 1-0: Fly out, F8 (Flyball, 8RD)
|
Bottom of the 6th over - 0 run(s), 1 hit(s), 0 error(s), 0 left on base; Jasper 2 - Eau Claire 3 |
TOP OF THE 7TH |
Jasper Cougars batting - Pitching for Eau Claire Esquires : RHP Albert Fisher
|
Batting: RHB José Ortega
|
0-0: Ball 1-0: Ball 2-0: SINGLE (Groundball, 56)
|
Batting: RHB Joe Baker
|
0-0: Called Strike 0-1: Foul Ball, location: 2F 0-2: Foul Ball, location: 2F 0-2: Strikes out swinging
|
Batting: RHB Greg King
|
0-0: Foul Ball, location: 2F 0-1: Called Strike 0-2: Foul Ball, location: 2F 0-2: Ball 1-2: Strikes out looking
|
Pinch Hitting: LHB Enrique Valentín
|
0-0: Called Strike 0-1: Ball 1-1: Fly out, F9 (Line Drive, 89M)
|
Top of the 7th over - 0 run(s), 1 hit(s), 0 error(s), 1 left on base; Jasper 2 - Eau Claire 3 |
BOTTOM OF THE 7TH |
Eau Claire Esquires batting - Pitching for Jasper Cougars : LHP Javier Galeas
|
Now in RF: Enrique Valentín
|
|
Batting: RHB Eric Fuller
|
0-0: Ball 1-0: Called Strike 1-1: Ball 2-1: Ball 3-1: Foul Ball, location: 2F 3-2: Foul Ball, location: 2F 3-2: Base on Balls
|
Batting: LHB Edwin Ryan
|
0-0: Ball 1-0: 2-RUN HOME RUN (Flyball, 78XD), Distance : 369 ft
|
Pitching: RHP Steve Snyder
|
|
Batting: RHB Roberto García
|
0-0: Called Strike 0-1: Ball 1-1: Ball 2-1: Ball 3-1: Called Strike 3-2: Foul Ball, location: 2F 3-2: Foul Ball, location: 2F 3-2: Base on Balls
|
Batting: LHB Michael Cook
|
0-0: Ball 1-0: Ball 2-0: Ball 3-0: Base on Balls Roberto García to second
|
Batting: RHB Norm Francis
|
0-0: DOUBLE (Line Drive, 7LS) Roberto García scores Michael Cook to third
|
Batting: RHB Dave Parker
|
0-0: Intentional Walk
|
Batting: RHB José Ruíz
|
0-0: Called Strike 0-1: Swinging Strike 0-2: Ball 1-2: Ball 2-2: Foul Ball, location: 2F 2-2: Ball 3-2: Strikes out looking
|
Batting: RHB Ronald Parsons
|
0-0: Ball 1-0: Fly out, F9 (Line Drive, 9M) Runner from 3rd tags up, SCORES, no throw
|
Batting: LHB Jorge Fernández
|
0-0: Ball 1-0: Ball 2-0: Reached on error, E6 (Groundball, 6) Norm Francis to third Dave Parker to second
|
Batting: RHB Eric Fuller
|
0-0: Called Strike 0-1: Foul Ball, location: 2F 0-2: Ball 1-2: Ball 2-2: Foul Ball, location: 2F 2-2: Ball 3-2: Base on Balls Norm Francis scores Dave Parker to third Jorge Fernández to second
|
Batting: LHB Edwin Ryan
|
0-0: Ball Wild Pitch! Dave Parker scores Jorge Fernández to third Eric Fuller to second 1-0: Foul Ball, location: 2F 1-1: Foul Ball, location: 2F 1-2: Foul Ball, location: 2F 1-2: Foul Ball, location: 2F 1-2: Strikes out swinging
|
Bottom of the 7th over - 6 run(s), 2 hit(s), 1 error(s), 2 left on base; Jasper 2 - Eau Claire 9 |
TOP OF THE 8TH |
Jasper Cougars batting - Pitching for Eau Claire Esquires : RHP Albert Fisher
|
Pitching: RHP Ignacio Torres
|
|
Batting: SHB Ron Edwards
|
0-0: Swinging Strike 0-1: Ball 1-1: Ball 2-1: Ball 3-1: Base on Balls
|
Batting: RHB Manuel Pérez
|
0-0: Foul Ball, location: 2F 0-1: Fielders Choice at 2nd, 5-4 (Groundball, 56)
|
Batting: SHB Martín Cruz
|
0-0: Called Strike 0-1: SINGLE (Line Drive, 7S) Manuel Pérez to second
|
Batting: LHB Pepe Vázquez
|
0-0: Ball 1-0: Ball 2-0: Foul Ball, location: 2F 2-1: DOUBLE (Line Drive, 3D) Manuel Pérez scores Martín Cruz to third
|
Batting: LHB Jon Scott
|
0-0: Ball 1-0: Fly out, F2 (Popup, 2RF)
|
Batting: RHB José Ortega
|
0-0: Called Strike 0-1: Ball 1-1: Swinging Strike 1-2: Foul Ball, location: 2F 1-2: Strikes out swinging
|
Top of the 8th over - 1 run(s), 2 hit(s), 0 error(s), 2 left on base; Jasper 3 - Eau Claire 9 |
BOTTOM OF THE 8TH |
Eau Claire Esquires batting - Pitching for Jasper Cougars : RHP Steve Snyder
|
Pitching: RHP Andrés Ruíz
|
|
Batting: RHB Roberto García
|
0-0: Swinging Strike 0-1: Foul Ball, location: 2F 0-2: Ball 1-2: Strikes out swinging
|
Batting: LHB Michael Cook
|
0-0: Swinging Strike 0-1: Ball 1-1: Called Strike 1-2: Ball 2-2: SINGLE (Groundball, 6MD)
|
Batting: RHB Norm Francis
|
0-0: Called Strike 0-1: Ball 1-1: Fielders Choice at 2nd, 1-6 (Groundball, 13S)
|
Batting: RHB Dave Parker
|
0-0: Called Strike 0-1: Ball 1-1: Fielders Choice at 2nd, 6-4 (Groundball, 6)
|
Bottom of the 8th over - 0 run(s), 1 hit(s), 0 error(s), 0 left on base; Jasper 3 - Eau Claire 9 |
TOP OF THE 9TH |
Jasper Cougars batting - Pitching for Eau Claire Esquires : RHP Ignacio Torres
|
Now at C: Zack Flint
|
|
Batting: RHB Joe Baker
|
0-0: Swinging Strike 0-1: Swinging Strike 0-2: Ball 1-2: Ball 2-2: Ball 3-2: Strikes out swinging
|
Batting: RHB Greg King
|
0-0: Foul Ball, location: 2F 0-1: Foul Ball, location: 2F 0-2: Strikes out swinging
|
Batting: LHB Enrique Valentín
|
0-0: Ball 1-0: Fly out, F9 (Flyball, 89M)
|
Top of the 9th over - 0 run(s), 0 hit(s), 0 error(s), 0 left on base; Jasper 3 - Eau Claire 9 |
|